 Dungeon Crawl Stone Soup version 0.30-a0-6-g7c9e10e132 (webtiles) character file.

Game seed: 15736346135098291834

445 SensoryNuts the Chopper (level 7, -5/72 HPs)
             Began as an Ogre Fighter on Aug 22, 2022.
             Slain by Menkaure (19 damage)
             ... on level 5 of the Dungeon.
             The game lasted 00:04:48 (4688 turns).

SensoryNuts the Chopper (Ogre Fighter)              Turns: 4688, Time: 00:04:48

Health: -5/72      AC:  3    Str: 23    XL:     7   Next: 3%
Magic:  7/7        EV: 10    Int:  9    God:
Gold:   180        SH:  0    Dex:  8    Spells: 6/6 levels left

rFire   . . .      SeeInvis .    o - +0 giant club
rCold   . . .      Faith    .    (shield currently unavailable)
rNeg    . . .      Spirit   .    b - +0 robe
rPois   .          Reflect  .    (helmet restricted)
rElec   .          Harm     .    (no cloak)
rCorr   .          Rampage  .    (gloves unavailable)
Will    .....                    (boots unavailable)
Stlth   +.........               (no amulet)
HPRegen 0.22/turn                (no ring)
MPRegen 0.10/turn                (no ring)

@: no status effects
A: large, unfitting armour, tough skin 1, fangs 1, evolution 1
a: no special abilities


You were on level 5 of the Dungeon.
You visited 1 branch of the dungeon, and saw 5 of its levels.

You collected 180 gold pieces.

Inventory:

Hand Weapons
 o - a +0 giant club (weapon)
Armour
 b - a +0 robe (worn)
Jewellery
 k - a ring of resist corrosion
 m - a ring of wizardry
Wands
 g - a wand of charming (14)
Scrolls
 p - a scroll of fear
Potions
 d - a potion of haste
 h - a potion of degeneration
 i - a potion of brilliance
 j - a potion of heal wounds
 l - a potion of berserk rage {unknown}
 n - a potion of curing


   Skills:
 + Level 5.5 Fighting
 - Level 5.8 Axes
 + Level 3.2 Dodging
 * Level 0.7 Stealth
 + Level 3.6 Shields


You had 6 spell levels left.
You didn't know any spells.
Your spell library contained the following spells:

 Spells                   Type           Power      Damage    Failure   Level
 Summon Small Mammal      Summ           0%         N/A       38%         1
 Call Canine Familiar     Summ           0%         N/A       77%         3
 Stone Arrow              Conj/Erth      0%         3d7       77%         3
 Summon Guardian Golem    Hex/Summ       0%         N/A       77%         3
 Animate Armour           Summ/Erth      0%         N/A       99%         4
 Lehudib's Crystal Spear  Conj/Erth      0%         10d2      100%        8


Dungeon Overview and Level Annotations

Branches:
Dungeon (5/15)
 Temple: D:4-7

Altars:
Fedhas
Makhleb
Nemelex Xobeh
Vehumet

Shops:
D:1 *[!=?   D:4 *

Annotations:
D:5 Menkaure


Innate Abilities, Weirdness & Mutations

You are too large for most types of armour.
You have tough skin. (AC +1)
You have very sharp teeth.
You have hidden genetic potential.


Message History

You closely miss the adder.
The adder is severely wounded.
You feel sick. The adder barely misses you. The adder bites you.
You barely miss the adder.
The adder is severely wounded.
You feel sick.
You are no longer poisoned.
The adder bites you but does no damage. The adder bites you.
An adder is nearby!
You barely miss the adder.
The adder is severely wounded.
The adder bites you.
You sock the adder!
You kill the adder!
No target in view!
No target in view!
You hear the slow rusting of a very distant drain.
Menkaure, Prince of Dust comes into view.
Menkaure shouts!
Menkaure is nearby!
Menkaure is nearby!
Menkaure is nearby!
Menkaure casts a spell.
Menkaure seems to speed up.
You can't drink that!
Unknown command.
As you read the scroll of identify, it crumbles to dust.
f - a scroll of summoning
As you read the scroll of identify, it crumbles to dust.
h - a potion of degeneration Menkaure murmurs, "Let me perform the rites..."
As you read the scroll of identify, it crumbles to dust.
j - a potion of heal wounds Menkaure calls on the powers of darkness!
Your body is wracked with pain!
As you read the scroll of summoning, it crumbles to dust.
Wisps of shadow whirl around you... Menkaure hits you!!
* * * LOW HITPOINT WARNING * * *
Menkaure attacks as you move away! Menkaure hits you!!
You die...

#..(# #. #.#.# #.
#.#.# #. ###.#.#
#. #...#.#####.
#####.##........
###.....##########
##s..#####
###M@### #WS.##
......### #....
+... #.. #. #


You could see Menkaure (fast, ally target), a friendly phantom (summoned), a
friendly scorpion (summoned) and a friendly adder (summoned).

Vanquished Creatures
  An ogre (D:4)
  A scorpion (D:4)
  A necrophage (D:4)
  A crimson imp (D:3)
  A hound (D:4)
  Jessica (D:2)
  An orc wizard (D:4)
  5 adders
  A worm (D:2)
  5 dart slugs
  5 orcs (D:4)
  5 bats
  9 endoplasms
  A giant cockroach (D:2)
  8 goblins
  6 hobgoblins
  9 kobolds
  4 quokkas
  2 ball pythons
  5 rats
72 creatures vanquished.

Vanquished Creatures (others)
  2 plants (D:1)
2 creatures vanquished.

Grand Total: 74 creatures vanquished

Notes
Turn   | Place    | Note
-------+----------+-------------------------------------------
     0 | D:1      | SensoryNuts the Ogre Fighter began the quest for the Orb.
     0 | D:1      | Reached XP level 1. HP: 24/24 MP: 1/1
    55 | D:1      | Reached XP level 2. HP: 29/32 MP: 2/2
   110 | D:1      | Found Kiyteagel's Distillery.
   134 | D:1      | Found Wymupe's Jewellery Shop.
   460 | D:1      | Found a faded altar of an unknown god.
   548 | D:1      | Reached XP level 3. HP: 30/40 MP: 3/3
   680 | D:1      | Found Bit Cuom's Magic Scroll Boutique.
   882 | D:1      | Found Juafus's Assorted Antiques.
   885 | D:1      | Found Imyhioco's Armour Boutique.
  1106 | D:2      | Noticed Jessica
  1121 | D:2      | Killed Jessica
  1122 | D:2      | Reached XP level 4. HP: 12/49 MP: 4/4
  2836 | D:3      | Reached XP level 5. HP: 45/55 MP: 5/5
  3441 | D:3      | Found a burning altar of Makhleb.
  3446 | D:3      | Reached skill level 5 in Fighting
  3464 | D:3      | Found a radiant altar of Vehumet.
  3611 | D:3      | Gained mutation: You have hidden genetic potential. [potion
                  | of mutation]
  3641 | D:4      | Found a sparkling altar of Nemelex Xobeh.
  3813 | D:4      | Reached XP level 6. HP: 59/66 MP: 6/6
  3931 | D:4      | Reached skill level 5 in Axes
  3995 | D:4      | Gained mutation: You have very sharp teeth. [hidden
                  | potential]
  4232 | D:4      | Found Wezotiu's Overcharged Wands.
  4328 | D:4      | Found a blossoming altar of Fedhas.
  4406 | D:4      | Reached XP level 7. HP: 54/72 MP: 7/7
  4553 | D:5      | Entered Level 5 of the Dungeon
  4680 | D:5      | Noticed Menkaure
  4688 | D:5      | Slain by Menkaure

Illustrated notes

Levels and vault maps discovered:
D:1:      sevenhm_arrival_forest_fort_small_4, layout_loops_cross,
          hellmonk_ecumenical_altar_defaced_shrine, serial_shops,
          nicolae_square_shop, nicolae_shop_temple_entry_statues_fountains,
          shop, shop_statue, nicolae_shop_hallway_stairs
D:2:      minmay_chambers_of_ones, layout_basic, chequers_jeans, uniq_jessica
D:3:      layout_rooms, grunt_temple_overflow_lords_of_destruction
D:4:      layout_cave_pools, fedhas_altar_fruit_tree,
          nemelex_xobeh_ov_fountains_minmay, nicolae_shop_overcharged_wands
D:5:      layout_basic, okawaru_gym_becter, gup_sewer_entry_spiral,
          uniq_menkaure

Skill      XL: |  1  2  3  4  5  6 |
---------------+-------------------+-----
Dodging        | 3 |  3.2
Axes           | 3 4 5 |  5.8
Fighting       | 5 |  5.5
Stealth        | |  0.7
Shields        | |  3.6

Action                   |  1- 3 |  4- 6 |  7- 9 || total
-------------------------+-------+-------+-------++-------
Melee: War axe           |    65 |   129 |       ||   194
       Giant club        |       |       |    11 ||    11
       Bite              |       |       |     2 ||     2
  Use: Potion            |     4 |     6 |       ||    10
       Scroll            |       |     7 |     4 ||    11
 Stab: Distracted        |       |     1 |       ||     1
       Sleeping          |       |     1 |       ||     1
Armor: Robe              |    29 |    26 |     6 ||    61
       Skin              |     1 |       |       ||     1
Dodge: Dodged            |    34 |    63 |     4 ||   101
Block: Kite shield       |    28 |    42 |       ||    70

Table legend: (Time is in decaauts)
 A = Elapsed time spent in this place.
 B = Non-inter-level travel time spent in this place.
 C = Inter-level travel time spent in this place.
 D = Time resting spent in this place.
 E = Time spent auto-exploring this place.
 F = Levels seen in this place.
 G = Mean time per level.
                   A        B        C        D        E       F      G
               +--------+--------+--------+--------+--------+-----+--------+
         Total |   4765 |   4734 |     31 |    355 |   3724 |   5 |  953.0 |
       Dungeon |   4765 |   4734 |     31 |    355 |   3724 |   5 |  953.0 |
               +--------+--------+--------+--------+--------+-----+--------+

Top non-repeatable levels by time:
     D:2: 1789 daAuts
     D:1: 1053 daAuts
     D:4: 918 daAuts
     D:3: 864 daAuts
     D:5: 139 daAuts
